 Seeded DCSS version 0.31-a0-596-g831eee08f1 (webtiles) character file.

Game seed: 12810882534896215906 (custom seed)

427258 bmack86 the Conqueror (level 22, 0/339 (349) HPs)
             Began as a Minotaur Fighter on Aug 19, 2023.
             Was an Initiate of Gozag.
             Slain by an emperor scorpion (1 damage)
             ... summoned by a royal mummy
             ... on level 9 of a ziggurat on Aug 21, 2023.
             The game lasted 02:27:39 (46342 turns).

bmack86 the Conqueror (Minotaur Fighter)           Turns: 46342, Time: 02:27:40

HP:   0/339 (349)   AC: 37    Str: 35    XL:     22   Next: 45%
MP:   21/21         EV:  9    Int:  3    God:    Gozag
Gold: 2977          SH: 15    Dex:  8    Spells: 21/21 levels left

rFire   + + .        G - +16 obsidian axe {drain, demonic, Mesm Drain Fly SInv}
rCold   + + +        t - +2 shield of Resistance {rF++ rC++ Will++}
rNeg    . . .        s - +3 plate armour {rPois}
rPois   +            J - +2 hat {Stlth+}
rElec   .            e - +1 cloak of Peek-a-Boo {rC+}
rCorr   .            a - +2 pair of gloves {hurl}
SInv    +            C - +2 pair of boots {rampage}
Will    +++++        N - necklace of Bloodlust {Fury *Rage Will++ Int-3 Slay+6} Stlth
                     l - +4 ring of slaying
HPRegen 0.76/turn    x - ring of willpower
MPRegen 0.17/turn

%: random rage (50%), rampage
@: berserking, gold aura, flying, mesmerised, slowed, studying Polearms, lightly
drained, unable to read
A: horns 2, retaliatory headbutt, strong 1, inability to read after injury 1
}: 3/15 runes: barnacled, silver, gossamer
a: Renounce Religion, Potion Petition, Call Merchant, Bribe Branch


You were on level 9 of a ziggurat.
You worshipped Gozag.
Gozag was most pleased with you.
You visited 7 branches of the dungeon, and saw 36 of its levels.
You visited 1 ziggurat, and saw 9 of its levels.
You also visited: Ossuary and Gauntlet.

You collected 19634 gold pieces.
You spent 3577 gold pieces at shops.
You paid 13080 gold pieces to Gozag.

Inventory:

Hand Weapons
 k - a +1 broad axe of electrocution
 G - the +16 obsidian axe (weapon) {drain, demonic, Mesm Drain Fly SInv}
   (You bought it in a shop on level 2 of the Dungeon)

   Mesm:      Its wielder is mesmerised by any visible foes, and it cannot be
   unequipped while any foes are visible.
   SInv:      It lets you see invisible.
   Fly:       It grants you flight.
   Drain:     It drains your maximum health when unequipped.
 W - the +4 broad axe of Exoneration {vamp, Drain rPois Stlth+}
   (You took it off a deep elf high priest on level 5 of the Vaults)

   rPois:     It protects you from poison Drain: It drains your maximum health
   when unequipped.
   Stlth+:    It makes you more stealthy.
Missiles
 f - 8 curare-tipped darts
 v - 9 silver javelins (quivered)
 L - 14 javelins
 P - 28 boomerangs
 T - 3 throwing nets
Armour
 a - a +2 pair of gloves of hurling (worn)
 e - the +1 cloak of Peek-a-Boo (worn) {rC+}
   (You found it in a Gauntlet)

   rC+:       It protects you from cold.
 s - a +3 plate armour of poison resistance (worn)
 t - the +2 shield of Resistance (worn) {rF++ rC++ Will++}
   (You took it off an orc on level 5 of the Vaults)

   rF++:      It greatly protects you from fire.
   rC++:      It greatly protects you from cold.
   Will++:    It greatly increases your willpower.
 C - a +2 pair of boots of rampaging (worn)
 J - a +2 hat of stealth (worn)
 V - the +0 kite shield of the Arcane {Contam *Corrode rN+++ Int+5}
   (You found it on level 3 of the Vaults)

   Int+5:     It affects your intelligence (+5).
   rN+++:     It renders you almost immune to negative energy.
   Contam:    It causes magical contamination when unequipped.
   *Corrode:  It may corrode you when you take damage.
Jewellery
 b - a +6 ring of strength
 d - a ring of protection from fire
 l - a +4 ring of slaying (left hand)
 m - an amulet of reflection
 u - an amulet of regeneration
 x - a ring of willpower (right hand)
 y - the dreamshard necklace {Acrobat *Dream}
   (You found it on level 5 of a ziggurat)

   [amulet of the acrobat]

   *Dream:    It absorbs a single lethal wound into itself, holding its wearer
   just short of death and releasing dream-creatures to guard them.
   Acrobat:   It increases your evasion while moving and waiting.
 K - the ring "Xeret" {Fly Dex+5}
   (You found it on level 6 of a ziggurat)

   [ring of flight]

   Dex+5:     It affects your dexterity (+5).
   Fly:       It grants you flight.
 M - a +4 ring of slaying
 N - the necklace of Bloodlust (around neck) {Fury *Rage Will++ Int-3 Slay+6}
   (You found it on level 8 of a ziggurat)

   [amulet of nothing]

   Fury:      It extends the wearer's berserk rage when killing foes.
   Int-3:     It affects your intelligence (-3).
   Slay+6:    It affects your accuracy & damage with ranged weapons and melee
   (+6).
   Will++:    It greatly increases your willpower.
   *Rage:     It berserks you when you make melee attacks (+50% chance).
 Z - the ring "Iqoeruer" {rCorr Int+2 Dex+6}
   (You found it on level 8 of a ziggurat)

   [ring of dexterity]

   Int+2:     It affects your intelligence (+2).
   Dex+6:     It affects your dexterity (+6).
   rCorr:     It protects you from acid and corrosion.
Wands
 h - a wand of roots (25)
 r - a wand of charming (35)
 F - a wand of flame (73)
 H - a wand of mindburst (29)
 S - a wand of quicksilver (28)
 X - a wand of digging (10)
Scrolls
 g - a scroll of silence
 i - 7 scrolls of blinking
 j - 6 scrolls of fear
 w - 7 scrolls of poison
 B - 6 scrolls of fog
 D - 23 scrolls of teleportation
 Q - 4 scrolls of revelation
Potions
 n - 7 potions of lignification
 o - 5 potions of might
 p - 19 potions of curing
 q - 8 potions of ambrosia
 A - 4 potions of mutation
 I - 5 potions of cancellation
 O - a potion of resistance
 R - 2 potions of berserk rage
 U - 8 potions of haste
 Y - 2 potions of invisibility


   Skills:
 O Level 27 Fighting
 + Level 22.4 Axes
 - Level 10.0 Throwing
 * Level 24.0 Armour
 + Level 17.5 Shields
 - Level 10.0 Evocations


You had 21 spell levels left.
You didn't know any spells.
Your spell library contained the following spells:

 Spells                   Type           Power      Damage    Failure   Level
 Apportation              Tloc           0%         N/A       91%         1
 Foxfire                  Conj/Fire      0%         2x1d4     91%         1
 Freeze                   Ice            0%         1d3       91%         1
 Magic Dart               Conj           0%         1d3       91%         1
 Necrotise                Necr           0%         1d4       91%         1
 Shock                    Conj/Air       0%         1d3       91%         1
 Slow                     Hex            0%         N/A       91%         1
 Summon Small Mammal      Summ           0%         N/A       91%         1
 Call Imp                 Summ           0%         N/A       97%         2
 Cigotuvi's Dreadful Rot  Necr/Pois/Air  0%         N/A       97%         2
 Ensorcelled Hibernation  Hex/Ice        0%         N/A       97%         2
 Lesser Beckoning         Tloc           0%         N/A       97%         2
 Momentum Strike          Conj/Tloc      0%         3d8       97%         2
 Passwall                 Tmut/Erth      0%         N/A       97%         2
 Poisonous Vapours        Pois/Air       0%         N/A       97%         2
 Scorch                   Fire           0%         2d5       97%         2
 Searing Ray              Conj           0%         2d4       97%         2
 Static Discharge         Conj/Air       0%         2-2/arc   97%         2
 Sublimation of Blood     Necr           0%         N/A       97%         2
 Wereblood                Tmut           0%         N/A       97%         2
 Confusing Touch          Hex            0%         N/A       99%         3
 Dazzling Flash           Conj/Hex       0%         N/A       99%         3
 Frozen Ramparts          Ice            0%         1d1       99%         3
 Gell's Gravitas          Tloc           0%         N/A       99%         3
 Hailstorm                Conj/Ice       0%         3d3       99%         3
 Ignite Poison            Fire/Tmut/Pois 0%         N/A       99%         3
 Inner Flame              Hex/Fire       0%         N/A       99%         3
 Mephitic Cloud           Conj/Pois/Air  0%         N/A       99%         3
 Stone Arrow              Conj/Erth      0%         3d7       99%         3
 Swiftness                Air            0%         N/A       99%         3
 Teleport Other           Tloc           0%         N/A       99%         3
 Vampiric Draining        Necr           0%         2d6       99%         3
 Vhi's Electric Charge    Tloc/Air       0%         N/A       99%         3
 Volatile Blastmotes      Fire/Tloc      0%         2d10      99%         3
 Airstrike                Air            0%         2d(0-16)  100%        4
 Anguish                  Hex/Necr       0%         N/A       100%        4
 Animate Armour           Summ/Erth      0%         N/A       100%        4
 Dispel Undead            Necr           0%         3d6       100%        4
 Flame Wave               Conj/Fire      0%         2d4       100%        4
 Fulminant Prism          Conj/Hex       0%         3d5       100%        4
 Leda's Liquefaction      Hex/Erth       0%         N/A       100%        4
 Manifold Assault         Tloc           0%         N/A       100%        4
 Olgreb's Toxic Radiance  Pois           0%         N/A       100%        4
 Petrify                  Tmut/Erth      0%         N/A       100%        4
 Sticky Flame             Conj/Fire      0%         2d3       100%        4
 Summon Lightning Spire   Summ/Air       0%         N/A       100%        4
 Agony                    Necr           0%         N/A       100%        5
 Arcjolt                  Conj/Air       0%         1d10      100%        5
 Borgnjor's Vile Clutch   Necr/Erth      0%         N/A       100%        5
 Freezing Cloud           Conj/Ice/Air   0%         6-21      100%        5
 Irradiate                Conj/Tmut      0%         3d11      100%        5
 Iskenderun's Battlesphe  Conj           0%         2d6       100%        5
 Lee's Rapid Deconstruct  Erth           0%         3d4*      100%        5
 Metabolic Englaciation   Hex/Ice        0%         N/A       100%        5
 Silence                  Hex/Air        0%         N/A       100%        5
 Summon Forest            Summ/Tloc      0%         N/A       100%        5
 Summon Mana Viper        Hex/Summ       0%         N/A       100%        5
 Yara's Violent Unravell  Hex/Tmut       0%         3d3       100%        5
 Conjure Ball Lightning   Conj/Air       0%         3x3d6     100%        6
 Death Channel            Necr           0%         N/A       100%        6
 Dispersal                Tloc           0%         N/A       100%        6
 Eringya's Noxious Bog    Tmut/Pois      0%         4d6       100%        6
 Leda's Unmaking          Conj/Erth      0%         9d1       100%        6
 Plasma Beam              Fire/Air       0%         2x1d10    100%        6
 Starburst                Conj/Fire      0%         6d3       100%        6
 Summon Cactus Giant      Summ           0%         N/A       100%        6
 Malign Gateway           Summ/Tloc      0%         N/A       100%        7
 Ozocubu's Refrigeration  Ice            0%         4d7       100%        7
 Summon Hydra             Summ           0%         N/A       100%        7
 Discord                  Hex            0%         N/A       100%        8
 Disjunction              Tloc           0%         N/A       100%        8
 Ignition                 Fire           0%         3d3       100%        8
 Lehudib's Crystal Spear  Conj/Erth      0%         10d2      100%        8
 Maxwell's Capacitive Co  Air            0%         ∞         100%        8
 Summon Horrible Things   Summ           0%         N/A       100%        8
 Fire Storm               Conj/Fire      0%         5d1       100%        9
 Polar Vortex             Ice            0%         N/A       100%        9
 Animate Dead             Necr           Unusable   N/A       N/A         4
 Simulacrum               Ice/Necr       Unusable   N/A       N/A         6

Dungeon Overview and Level Annotations

Branches:
Dungeon (15/15)            Temple (0/1) D:4            Lair (5/5) D:9
 Shoals (4/4) Lair:3       Spider (4/4) Lair:3        Slime (0/5) Lair:4
    Orc (2/2) D:10            Elf (0/3) Orc:2        Vaults (5/5) D:14
  Crypt (0/3) Vaults:2     Depths (1/4) D:15        Ossuary (visited)
Gauntlet (visited)

Altars:
Ashenzari
Fedhas
Gozag
Hepliaklqana
Makhleb
Okawaru
Sif Muna
Trog
Uskayaw
Wu Jian
Xom
Yredelemnul
Zin
Jiyva

Shops:
D:2 ((*   D:3 :   Orc:1 (   Orc:2 :[***   Vaults:2 =   Vaults:3 :::
Vaults:4 (

Portals:
Pandemonium: Orc:2

Annotations:
Shoals:4 3 runed translucent doors
Spider:1 2 transporters, exclusion: orange crystal statue


Innate Abilities, Weirdness & Mutations

You have a pair of horns on your head.
You reflexively headbutt those who attack you in melee.
Your muscles are strong. (Str +4, Int/Dex -1)
You occasionally lose the ability to read scrolls when taking damage.


Message History

* * * LOW HITPOINT WARNING * * *
The death scarab drains your vigour!
You feel as though you will be slow longer.
The death scarab draws strength from your injuries!
The shadow slips into darkness.
The shadow flickers and vanishes for a moment.
You strike the helpless royal mummy from behind!
You open the royal mummy like a pillowcase!!!
You destroy the royal mummy!
You barely miss the emperor scorpion. You slice the spectral frost giant!!
The spectral frost giant is no longer distracted by gold.
You slice the guardian mummy!! You open a gate to Pandemonium!
A demon appears!
You destroy the guardian mummy!
You slice the death scarab!!
You destroy the death scarab!
The death scarab's corpse disappears in a puff of smoke!
You completely miss the mummy priest. You slash the royal mummy!
You feel extremely nervous for a moment...
Your body is wracked with pain!
* * * LOW HITPOINT WARNING * * *
You feel extremely nervous for a moment...
You feel horribly lethargic.
You feel as though you will be slow longer.
The death scarab is no longer distracted by gold. x2
The death scarab is distracted by your dazzling golden aura.
You block the death scarab's attack.
Your orange demon stings the death scarab.
The death scarab is destroyed!
The death scarab's corpse disappears in a puff of smoke!
The mummy priest mumbles some strange prayers to its god.
Send 'em back where they came from!
Your ynoxinul shudders.
Your smoke demon shudders. x2
Your orange demon shudders.
Your ufetubus shudders.
Your ufetubus disappears in a puff of smoke!
Your ufetubus shudders.
Your sun demon shudders.
The royal mummy hits you!
* * * LOW HITPOINT WARNING * * *
The emperor scorpion stings you.
You die...
Your body crumbles into a pile of gold.

▓▓▓.........▓▓▓
▓▓..§§§........▓▓
▓▓§.≈§≈§...§§§≈..▓▓
▓▓...≈8§§...§§8≈M..▓▓
▓....≈≈≈.....§§§B...▓
▓..............WB?).▓
▓▓...........4§BMBMM[▓▓
▓..∩........53$@sMM>[.▓
▓▓......§§...33MZ.MM:▓▓
▓...........§53W.ZM.▓
▓....≈§§§....≈≈≈zn..▓
▓▓...≈8§.....≈8§.Z.▓▓
▓▓..≈≈≈.....≈≈≈..▓▓
▓▓..§..........▓▓
▓▓▓.........▓▓▓


You could see a royal mummy, an emperor scorpion (summoned, drained), 3 mummy
priests, 2 guardian mummies, a spectral shadow dragon (summoned), a spectral
frost giant (summoned, mesmerising), a wraith (summoned, ally target), 4 death
scarabs, a necrophage (summoned), a shadow (summoned, invisible), 4 mummies, a
wight (summoned), a tengu reaver skeleton, a friendly sun demon (summoned), a
friendly orange demon (summoned), 2 friendly smoke demons, a friendly ynoxinul
(summoned) and 2 friendly ufetubi.

Vanquished Creatures
  A dread lich (Zig:8)
  A royal mummy (Zig:9)
  3 golden dragons (Vaults:5)
  5 caustic shrikes (Depths:1)
  Nikola (Vaults:1)
  A pandemonium lord (Zig:5)
  Rupert (Lair:4)
  A lich (Vaults:5)
  A kraken (Shoals:4)
  A quicksilver dragon (Vaults:5)
  Gastronok (Lair:3)
  An ancient champion (Zig:8)
  A deep elf master archer (Zig:1)
  2 sphinxes
  An eldritch tentacle (Zig:5)
  2 storm dragons
  2 tengu reavers (Vaults:5)
  Kirke (D:13)
  5 shadow dragons (Vaults:5)
  Aizul (Vaults:1)
  Roxanne (D:15)
  3 fire giants
  2 revenants (Zig:8)
  A demonspawn warmonger (Zig:5)
  An iron dragon (Vaults:5)
  4 frost giants
  A deep elf sorcerer (Vaults:1)
  8 vault wardens
  5 emperor scorpions
  17 ironbound preservers
  6 ghost moths
  An orc warlord (Vaults:1)
  2 formless jellyfish
  5 very ugly things (Depths:1)
  3 broodmothers
  A war gargoyle (Vaults:3)
  5 stone giants
  An eleionoma (Zig:3)
  3 vampire knights
  A minotaur (Gauntlet)
  6 ironbound thunderhulks
  3 deep elf demonologists
  A putrid mouth (Zig:4)
  2 spark wasps
  10 dire elephants
  Azrael (Spider:3)
  2 deep elf annihilators
  2 crystal guardians
  4 merfolk impalers
  3 merfolk javelineers (Shoals:4)
  An entropy weaver (shapeshifter) (D:14)
  4 ettins
  11 yaktaur captains
  2 green deaths (Zig:5)
  2 deep elf high priests (Vaults:5)
  4 mummy priests
  6 entropy weavers
  5 great orbs of eyes
  An ice dragon (Depths:1)
  4 peacekeepers
  25 vault guards
  Josephine (Shoals:1)
  Fannar (D:12)
  3 hydras
  3 radroaches
  A sphinx zombie (Zig:6)
  7 ironbound frosthearts
  7 centaur warriors
  3 demonspawn (Orc:2)
  2 merfolk avatars (Shoals:4)
  3 satyrs
  5 merfolk aquamancers
  2 ogre magi
  3 two-headed ogres
  An alligator (Zig:3)
  2 alligator snapping turtles
  2 dancing weapons
  2 boulder beetles
  2 death scarabs
  A deep troll shaman (Depths:1)
  A death yak (Lair:2)
  A deep troll earth mage (Vaults:2)
  A thrashing horror (Zig:4)
  4 orc high priests (Orc:2)
  15 demonic crawlers
  4 tengu warriors (D:14)
  A vampire mage (Zig:8)
  A shock serpent (shapeshifter) (Vaults:5)
  A soul eater (Zig:8)
  Urug (Lair:1)
  A deep elf knight (Zig:7)
  2 pharaoh ants
  2 shadow wraiths
  2 skeletal warriors (D:12)
  A wretched star (Zig:2)
  Lodul (D:14)
  An iron troll (D:14)
  A sun moth (Spider:2)
  5 skysharks
  A sixfirhy (Gauntlet)
  A large abomination (Zig:5)
  A storm dragon skeleton (Zig:6)
  9 sea snakes
  A glowing orange brain (Vaults:1)
  32 deep trolls
  7 lindwurms
  A deep elf archer (Zig:7)
  A spriggan druid (Zig:3)
  12 orb spiders
  3 orange crystal statues (Zig:1)
  13 ironbound convokers
  A tengu zombie (Depths:1)
  3 obsidian statues (Zig:2)
  2 necromancers
  3 harpies
  2 phantasmal warriors
  21 ugly things
  A swamp dragon (shapeshifter) (Vaults:4)
  4 steelbarb worms
  5 deep elf zephyrmancers
  9 orc sorcerers
  2 oklob plants (Lair:4)
  4 wizards
  A deep elf pyromancer (D:15)
  15 manticores
  5 orc knights
  13 wolf spiders
  A cyclops (shapeshifter) (Vaults:5)
  A moth of wrath (Spider:2)
  9 cyclopes
  6 fauns
  12 vault sentinels
  A guardian serpent (Lair:5)
  10 black mambas
  6 merfolk sirens
  An apocalypse crab (Zig:4)
  14 elephants
  10 centaur zombies
  An ice statue (Zig:1)
  A molten gargoyle (Lair:1)
  A naga mage (D:15)
  2 torpor snails
  3 water nymphs (Shoals:4)
  13 cane toads
  4 smoke demons
  A kobold demonologist (D:14)
  A hellion (Gauntlet)
  An orange demon (Orc:2)
  5 rime drakes
  An unseen horror (D:11)
  A freezing wraith (Vaults:5)
  A minotaur zombie (Gauntlet)
  11 yaktaurs
  7 komodo dragons
  5 guardian mummies
  A red devil (Orc:2)
  An ancient zyme (Zig:4)
  A spriggan skeleton (Depths:1)
  13 merfolk
  2 polar bears
  A wind drake (shapeshifter) (Vaults:5)
  6 trolls
  6 meliai
  14 tarantellas
  6 hornets
  Grinder (D:3)
  A queen bee (shapeshifter) (Vaults:5)
  A tarantella (shapeshifter) (D:13)
  A wind drake (Shoals:4)
  14 blink frogs
  9 snapping turtles
  A human simulacrum (Vaults:3)
  5 dream sheep
  17 jumping spiders
  A centaur simulacrum (D:15)
  17 slime creatures
  19 culicivoras
  A ynoxinul (Zig:4)
  A flying skull (Zig:6)
  11 wyverns
  3 vampires (Vaults:2)
  6 wraiths
  8 shadows
  22 yaks
  6 hogs (D:13)
  3 water elementals
  2 ushabtiu
  7 fire bats (Lair:1)
  2 basilisks
  4 fire elementals
  51 redbacks
  3 vampire mosquitoes
  A neqoxec (Orc:2)
  5 wargs
  Edmund (D:6)
  An acid dragon (D:12)
  3 hell hounds
  20 water moccasins
  A hornet zombie (D:15)
  22 orc warriors
  2 sky beasts (D:6)
  A black bear (D:7)
  5 ice beasts
  9 boggarts
  10 wolves (Lair:2)
  8 ogres
  14 centaurs
  A phantom (D:7)
  5 kobold brigands
  An elf zombie (Ossuary)
  18 bullfrogs
  A gnoll sergeant (D:10)
  3 scorpions
  9 wights
  10 killer bees
  5 howler monkeys
  3 lava snakes (Lair:1)
  A hound (D:7)
  2 gnoll boudas (D:7)
  18 orc priests
  Crazy Yiuf (D:3)
  2 jellies
  A sleepcap (D:2)
  3 iguanas
  7 orc wizards
  5 hell rats (Lair:3)
  5 mummies
  2 howler monkey zombies (D:10)
  8 river rats (Lair:3)
  6 adders
  15 gnolls
  A shadow imp (D:6)
  3 white imps
  5 ufetubi
  2 adder zombies (Ossuary)
  3 worms
  54 orcs
  8 ball pythons
  6 bats
  8 endoplasms
  3 giant cockroaches
  A goblin (D:1)
  4 hobgoblins
  28 kobolds
  11 quokkas
  2 goblin zombies (Ossuary)
  10 hobgoblin zombies (Ossuary)
  A jackal zombie (Ossuary)
  13 kobold zombies (Ossuary)
  7 orc zombies (Ossuary)
  12 rats
  A rat zombie (Ossuary)
  3 tentacles (Shoals:4)
1292 creatures vanquished.

Vanquished Creatures (collateral kills)
  Mara (Shoals:3)
  A quicksilver dragon (Vaults:5)
  A storm dragon (Vaults:5)
  3 ironbound preservers
  2 vault wardens
  3 stone giants
  3 very ugly things
  An ironbound thunderhulk (Vaults:1)
  A spark wasp (Spider:4)
  A dire elephant (Vaults:1)
  A yaktaur captain (Vaults:5)
  3 entropy weavers
  A peacekeeper (Vaults:2)
  A deep elf high priest (Vaults:5)
  7 vault guards
  2 hydras (Lair:5)
  A jorogumo (Spider:3)
  2 boulder beetles
  A satyr (Shoals:4)
  3 merfolk aquamancers (Shoals:1)
  A dancing weapon (Vaults:5)
  5 death yaks (Lair:2)
  2 skeletal warriors (D:12)
  A skyshark (Lair:4)
  2 orb spiders
  7 deep trolls
  An obsidian statue (Zig:2)
  2 ironbound convokers
  2 phantasmal warriors
  2 lindwurms
  2 harpies
  An orc sorcerer (Orc:2)
  An orc knight (Orc:1)
  A faun (Shoals:4)
  3 ugly things
  A tengu skeleton (Depths:1)
  2 manticores
  2 cyclopes
  An elephant (Lair:4)
  3 black mambas (Lair:5)
  2 vault sentinels
  A rust devil (Orc:2)
  6 cane toads
  A merfolk (Shoals:4)
  6 yaktaurs
  A yaktaur (shapeshifter) (Vaults:2)
  An ancient zyme (Zig:2)
  2 trolls
  A polar bear (Lair:2)
  A hellwing (Zig:2)
  6 blink frogs
  3 tarantellas (Spider:1)
  2 snapping turtles
  A dream sheep (Shoals:3)
  A jumping spider (Spider:3)
  A culicivora (Spider:4)
  4 slime creatures
  A shadow (Gauntlet)
  A water elemental (Shoals:4)
  A basilisk (D:11)
  A fire elemental (Spider:3)
  A golden eye (shapeshifter) (D:14)
  6 yaks
  A redback (shapeshifter) (Vaults:5)
  4 redbacks
  4 water moccasins
  An acid dragon (D:13)
  8 orc warriors
  2 ogres
  A black bear (Lair:2)
  6 wolves (Lair:2)
  A centaur (D:14)
  8 orc priests
  3 orc wizards
  2 hell rats (Lair:3)
  2 river rats (Lair:3)
  18 orcs
  8 rats (Lair:3)
201 creatures vanquished.

Vanquished Creatures (others)
  A dread lich (Vaults:5)
  2 tentacled monstrosities (Vaults:5)
  A quicksilver dragon (Vaults:5)
  2 tengu reavers (Vaults:5)
  3 storm dragons (Vaults:5)
  2 fire giants (Vaults:5)
  3 vault wardens (Vaults:5)
  A frost giant (Vaults:5)
  A very ugly thing (Vaults:5)
  3 stone giants (Vaults:5)
  A deep elf annihilator (Vaults:5)
  An ettin (Vaults:5)
  A deep elf high priest (Vaults:5)
  6 yaktaur captains (Vaults:5)
  A vault guard (Vaults:5)
  An ogre mage (Vaults:5)
  A sun moth (Spider:4)
  2 orc knights (Vaults:5)
  An ironbound convoker (Vaults:5)
  An orc sorcerer (Vaults:5)
  A faun (shapeshifter) (Vaults:5)
  3 vault sentinels (Vaults:5)
  10 yaktaurs (Vaults:5)
  A hornet (Spider:4)
  A human (D:13)
  A golden eye (shapeshifter) (Vaults:5)
  A redback (shapeshifter) (Vaults:5)
  A floating eye (shapeshifter) (Vaults:5)
  3 orc warriors (Vaults:5)
  An orc priest (Vaults:5)
  3 orcs (Vaults:5)
  A tentacle (Shoals:4)
62 creatures vanquished.

Grand Total: 1555 creatures vanquished

Notes
Turn   | Place    | Note
-------+----------+-------------------------------------------
     0 | D:1      | bmack86 the Minotaur Fighter began the quest for the Orb.
     0 | D:1      | Reached XP level 1. HP: 19/19 MP: 0/0
    80 | D:1      | Reached XP level 2. HP: 26/26 MP: 1/1
   352 | D:2      | Reached XP level 3. HP: 31/31 MP: 2/2
   428 | D:2      | Reached skill level 5 in Shields
   440 | D:2      | Reached XP level 4. HP: 12/39 MP: 3/3
   566 | D:3      | Found Dicsir's Book Emporium.
   800 | D:4      | Reached skill level 5 in Axes
   894 | D:5      | Entered Level 5 of the Dungeon
   908 | D:5      | Noticed an ogre
   908 | D:5      | Noticed an ice beast
   912 | D:5      | Found an opulent altar of Gozag.
   919 | D:5      | Became a worshipper of Gozag Ym Sagoz the Greedy
   927 | D:5      | Killed an ice beast
   928 | D:5      | Reached XP level 5. HP: 34/45 MP: 4/4
   931 | D:5      | Killed an ogre
   932 | D:5      | Reached XP level 6. HP: 41/51 MP: 5/5
  1204 | D:1      | Found a faded altar of an unknown god.
  1736 | D:2      | Found Seyhup's Antique Weapon Emporium.
  1986 | D:2      | Found Tufuub's Assorted Antiques.
  2036 | D:2      | Found Irioch's Weapon Boutique.
  2048 | D:2      | Found a shimmering altar of Xom.
  2516 | D:3      | Noticed Grinder
  2527 | D:3      | Killed Grinder
  2528 | D:3      | Reached XP level 7. HP: 33/57 MP: 6/6
  2615 | D:3      | Found a runed translucent door.
  2616 | D:3      | Noticed Crazy Yiuf
  2623 | D:3      | Killed Crazy Yiuf
  2861 | D:4      | Found a blossoming altar of Fedhas.
  3045 | D:4      | Found a staircase to the Ecumenical Temple.
  3525 | D:5      | Found a hide-covered altar of Uskayaw.
  3536 | D:5      | Reached skill level 10 in Axes
  3689 | D:5      | Reached XP level 8. HP: 47/64 MP: 7/7
  3829 | D:5      | Found a broken altar of Ashenzari.
  4035 | D:5      | Found a bloodstained altar of Trog.
  4064 | D:5      | Found a glowing silver altar of Zin.
  4390 | D:6      | Noticed Edmund
  4399 | D:6      | Killed Edmund
  5207 | D:7      | Reached XP level 9. HP: 67/70 MP: 8/8
  5389 | D:7      | Noticed a cyclops
  5395 | D:7      | Noticed a two-headed ogre
  5399 | D:7      | Killed a cyclops
  5405 | D:7      | Killed a two-headed ogre
  5406 | D:7      | Reached skill level 15 in Axes
  5431 | D:7      | Identified the staff of Eminent Domain {rElec Int+2 Earth}
  5800 | D:7      | Found a burning altar of Makhleb.
  6111 | D:8      | Found a sand-covered staircase.
  6122 | Ossuary  | Entered an ossuary
  6532 | D:8      | Reached XP level 10. HP: 54/77 MP: 9/9
  6966 | D:8      | Found an ornate altar of the Wu Jian Council.
  7321 | D:8      | Noticed a two-headed ogre
  7326 | D:8      | Killed a two-headed ogre
  7859 | D:9      | Reached skill level 4 in Fighting
  7863 | D:9      | Reached skill level 1 in Throwing
  8167 | D:9      | Found a hazy altar of Hepliaklqana.
  8188 | D:9      | Reached skill level 5 in Fighting
  8466 | D:9      | Found a staircase to the Lair.
  8605 | D:9      | Reached skill level 6 in Fighting
  8607 | D:9      | Reached skill level 5 in Armour
  8831 | D:10     | Entered Level 10 of the Dungeon
  9052 | D:10     | Found a basalt altar of Yredelemnul.
  9064 | D:10     | Reached XP level 11. HP: 85/91 MP: 10/10
  9073 | D:10     | Reached skill level 7 in Fighting
  9240 | D:10     | Reached skill level 8 in Fighting
  9461 | D:10     | Reached skill level 9 in Fighting
  9473 | D:10     | Found a staircase to the Orcish Mines.
  9851 | D:2      | Bought the +16 obsidian axe {drain, demonic, Mesm Drain Fly
                  | SInv} for 1803 gold pieces
  9851 | D:2      | Found the +16 obsidian axe {drain, demonic, Mesm Drain Fly
                  | SInv}
 10032 | Lair:1   | Entered Level 1 of the Lair of Beasts
 10042 | Lair:1   | Reached skill level 5 in Throwing
 10158 | Lair:1   | Reached skill level 10 in Fighting
 10162 | Lair:1   | HP: 1/99 [molten gargoyle/bolt of magma (11)]
 10561 | Lair:1   | Gained mutation: Armour fits poorly on your strangely
                  | shaped body. [a neqoxec]
 10646 | Lair:1   | Noticed Urug
 10653 | Lair:1   | Killed Urug
 11044 | Lair:2   | Noticed a skyshark
 11050 | Lair:2   | Reached XP level 12. HP: 108/108 MP: 11/11
 11053 | Lair:2   | Reached skill level 11 in Fighting
 11077 | Lair:2   | Reached skill level 12 in Fighting
 11088 | Lair:2   | Noticed a death yak
 11092 | Lair:2   | Noticed a death yak
 11092 | Lair:2   | Killed a death yak
 11094 | Lair:2   | Noticed a death yak
 11095 | Lair:2   | Noticed a death yak
 11096 | Lair:2   | Killed a death yak
 11098 | Lair:2   | Noticed a death yak
 11100 | Lair:2   | Killed a death yak
 11101 | Lair:2   | Reached skill level 13 in Fighting
 11103 | Lair:2   | Noticed a death yak
 11105 | Lair:2   | Killed a death yak
 11106 | Lair:2   | Killed a death yak
 11111 | Lair:2   | Killed a death yak
 11112 | Lair:2   | Reached skill level 10 in Armour
 12107 | Lair:3   | Reached XP level 13. HP: 120/123 MP: 12/12
 12436 | Lair:3   | Reached skill level 14 in Fighting
 12480 | Lair:3   | Found a hole to the Spider Nest.
 12647 | Lair:3   | Identified the +5 great sword of the Keeping Big Fish
                  | {flame, rPois}
 12688 | Lair:3   | Found a staircase to the Shoals.
 12771 | Lair:3   | Noticed Gastronok
 12785 | Lair:3   | Killed Gastronok
 13788 | Lair:4   | Found a viscous altar of Jiyva.
 13790 | Lair:4   | Found a staircase to the Slime Pits.
 14061 | Lair:4   | Reached skill level 15 in Fighting
 14251 | Lair:4   | Identified the +7 sling of the Puffball {flame, Int+3}
 14523 | Lair:4   | Noticed Rupert
 14534 | Lair:4   | Killed Rupert
 15003 | Lair:5   | Entered Level 5 of the Lair of Beasts
 15009 | Lair:5   | Reached skill level 16 in Fighting
 15267 | Lair:5   | Identified the +11 hand axe of the Moon {flame, +Blink
                  | Will- Int-2 Dex+9}
 15480 | Lair:5   | Reached XP level 14. HP: 135/138 MP: 13/13
 15757 | Lair:5   | Reached skill level 10 in Throwing
 15784 | Lair:5   | Reached skill level 17 in Fighting
 16855 | Orc:1    | Entered Level 1 of the Orcish Mines
 17197 | Orc:2    | Entered Level 2 of the Orcish Mines
 17348 | Orc:2    | Found a staircase to the Elven Halls.
 17463 | Orc:2    | Found Xustegy's Assorted Antiques.
 17495 | Orc:2    | Bought a murky blue potion for 27 gold pieces
 17495 | Orc:2    | Bought a scroll labelled AFOYWI FIFALIU for 30 gold pieces
 17495 | Orc:2    | Bought a scroll of enchant armour for 225 gold pieces
 17545 | Orc:2    | Found Gushirae's General Store.
 17552 | Orc:2    | Found Salar's General Store.
 17559 | Orc:2    | Reached skill level 18 in Fighting
 17856 | Orc:2    | Bought a scroll of teleportation for 51 gold pieces
 17856 | Orc:2    | Bought a potion of berserk rage for 85 gold pieces
 17858 | Orc:2    | Bought 4 silver javelins for 396 gold pieces
 18293 | Orc:2    | Reached skill level 19 in Fighting
 18522 | Orc:2    | Found Zickem's Antique Armour Emporium.
 18522 | Orc:2    | Found Luetu's Book Shoppe.
 18523 | Orc:2    | Found a one-way gate leading to the halls of Pandemonium.
 18595 | Orc:1    | Found For Laqum's Antique Weapon Shop.
 18965 | Spider:1 | Entered Level 1 of the Spider Nest
 18965 | Spider:1 | Noticed an emperor scorpion
 18965 | Spider:1 | Found a transporter.
 18966 | Spider:1 | Noticed a broodmother
 19057 | Spider:1 | Reached XP level 15. HP: 129/152 MP: 14/14
 19335 | Spider:1 | Noticed an emperor scorpion
 19347 | Spider:1 | Killed an emperor scorpion
 19350 | Spider:1 | Found a transporter.
 19439 | Spider:1 | Noticed an emperor scorpion
 19717 | Spider:1 | Reached skill level 15 in Armour
 21029 | Spider:3 | Reached skill level 20 in Fighting
 21908 | Spider:3 | Noticed Azrael
 21912 | Spider:3 | Killed Azrael
 22141 | Spider:3 | Reached XP level 16. HP: 159/163 MP: 15/15
 22427 | Spider:4 | Entered Level 4 of the Spider Nest
 23199 | Spider:4 | Identified the +1 troll leather armour of the Disturbing
                  | Tales {rC+ rN+ Regen+ Int-3}
 24200 | Spider:4 | Reached skill level 21 in Fighting
 24415 | Spider:4 | Got a gossamer rune of Zot
 24691 | Shoals:1 | Entered Level 1 of the Shoals
 24974 | Shoals:1 | Noticed Josephine
 24976 | Shoals:1 | Reached skill level 1 in Evocations
 24982 | Shoals:1 | Killed Josephine
 26073 | Shoals:2 | Found a shimmering blue altar of Sif Muna.
 26931 | Shoals:3 | Noticed Mara
 26934 | Shoals:3 | Noticed bmack86's illusion
 26951 | Shoals:3 | Killed Mara
 26954 | Shoals:3 | Reached XP level 17. HP: 147/176 MP: 16/16
 27100 | Shoals:3 | Reached skill level 22 in Fighting
 27881 | Shoals:4 | Entered Level 4 of the Shoals
 27897 | Shoals:4 | Found a runed translucent gate.
 27897 | Shoals:4 | Found a runed translucent gate.
 27897 | Shoals:4 | Found a runed translucent gate.
 28263 | Shoals:4 | Noticed a kraken
 28269 | Shoals:4 | Killed a kraken
 28451 | Shoals:4 | Got a barnacled rune of Zot
 29066 | Shoals:4 | Identified the +1 robe "Damnable Contraption" {*Slow +Inv
                  | Archmagi}
 29594 | Shoals:4 | Reached skill level 5 in Evocations
 29831 | Shoals:4 | Reached skill level 23 in Fighting
 29837 | Shoals:4 | Identified the +0 ring mail of Yredelemnul's Whim {Rampage
                  | *Slow Stlth+}
 30794 | D:11     | Found a gate leading to a gauntlet.
 30816 | Gauntlet | Entered a Gauntlet
 30816 | Gauntlet | Found a transporter.
 30816 | Gauntlet | Found a transporter.
 30816 | Gauntlet | Found a runed translucent door.
 30816 | Gauntlet | Found a runed translucent door.
 30816 | Gauntlet | Found a runed translucent gate.
 30816 | Gauntlet | Found a runed translucent gate.
 30818 | Gauntlet | Found a runed translucent gate.
 30820 | Gauntlet | Found a transporter.
 30820 | Gauntlet | Found a transporter.
 30823 | Gauntlet | Found a transporter.
 30864 | Gauntlet | Found a transporter.
 30867 | Gauntlet | Found a transporter.
 30867 | Gauntlet | Found a transporter.
 30884 | Gauntlet | Found a transporter.
 30898 | Gauntlet | Found a transporter.
 30911 | Gauntlet | Found a transporter.
 30934 | Gauntlet | Found a transporter.
 30985 | Gauntlet | Found a transporter.
 31003 | Gauntlet | Found a transporter.
 31104 | Gauntlet | Identified the +8 lajatang of Charity {drain, rC+ Str-4
                  | Int+7}
 31137 | Gauntlet | Identified the +1 cloak of Peek-a-Boo {rC+}
 31243 | Gauntlet | Identified the +5 spear "Qeimeuz" {freeze, Fragile rN+
                  | rCorr Stlth+}
 31660 | D:12     | Noticed Fannar
 31666 | D:12     | Killed Fannar
 32857 | D:13     | Identified the +1 ring mail "Kossuas" {Dex+2}
 32962 | D:13     | Noticed Kirke
 32974 | D:13     | Killed Kirke
 33446 | D:14     | Noticed Lodul
 33459 | D:14     | Killed Lodul
 33744 | D:14     | Reached XP level 18. HP: 185/190 MP: 17/17
 34077 | D:14     | Found a gate to the Vaults.
 34126 | D:15     | Entered Level 15 of the Dungeon
 34543 | D:15     | Noticed Roxanne
 34552 | D:15     | Killed Roxanne
 34669 | D:15     | Found a staircase to the Depths.
 34956 | Vaults:1 | Entered Level 1 of the Vaults
 34989 | Vaults:1 | Reached skill level 24 in Fighting
 35332 | Vaults:1 | Noticed Nikola
 35342 | Vaults:1 | Killed Nikola
 36328 | Vaults:1 | Identified the +0 helmet of the Salamander {Harm Fly Str+4}
 36625 | Vaults:1 | Reached skill level 10 in Shields
 36701 | Vaults:1 | Noticed Aizul
 36705 | Vaults:1 | Killed Aizul
 37169 | Vaults:2 | Found a staircase to the Crypt.
 37777 | Vaults:2 | Found Nopos's Jewellery Emporium.
 37846 | Vaults:2 | Reached skill level 25 in Fighting
 38012 | Vaults:2 | Reached XP level 19. HP: 171/201 MP: 18/18
 38066 | Vaults:2 | Identified the +1 ring mail of Satisfaction {MP-9 Int+4}
 38067 | Vaults:2 | Identified the +0 spear of the Extremes {vamp, Will+}
 38074 | Vaults:2 | Identified the +1 dagger of the Boar {heavy, rC++}
 38075 | Vaults:2 | Identified the +4 leather armour of the Sky {Contam rC+ rN+
                  | MP+9}
 38887 | Vaults:3 | Found Xargh's Book Emporium.
 38890 | Vaults:3 | You are sucked into a shaft and drop 1 floor!
 38981 | Vaults:3 | Bought a manual of Armour for 960 gold pieces
 39148 | Vaults:3 | Identified the +0 kite shield of the Arcane {Contam
                  | *Corrode rN+++ Int+5}
 39405 | Vaults:3 | Found Waaghefa's Book Emporium.
 40276 | Vaults:3 | Found Reuwkypn's Book Shop.
 40707 | Vaults:4 | Reached skill level 26 in Fighting
 41290 | Vaults:4 | Identified the ring of Taing {rN+ Int+6 Dex+3}
 41546 | Vaults:4 | Reached XP level 20. HP: 137/213 MP: 19/19
 41546 | Vaults:4 | Identified the +9 great mace of Starshine {flame, rN+
                  | rCorr}
 42026 | Vaults:4 | Found Diuxti's Antique Weapon Emporium.
 42219 | Vaults:5 | Entered Level 5 of the Vaults
 42226 | Vaults:5 | Noticed a golden dragon
 42242 | Vaults:5 | Reached skill level 15 in Shields
 42248 | Vaults:5 | Noticed a golden dragon
 42471 | Vaults:5 | Noticed a golden dragon
 42473 | Vaults:5 | Killed a golden dragon
 42474 | Vaults:5 | Reached skill level 10 in Evocations
 42475 | Vaults:5 | Noticed a dread lich
 42481 | Vaults:5 | Killed a golden dragon
 42484 | Vaults:5 | Killed a golden dragon
 42913 | Vaults:5 | Identified the +9 dagger of Bloody Death {freeze, rPois rC+
                  | rCorr}
 42917 | Vaults:5 | Got a silver rune of Zot
 43278 | Vaults:5 | Reached skill level 27 in Fighting
 43405 | Vaults:5 | Identified the +8 orcbow "Newtslayer" {speed, +Blink rPois
                  | Will+ Str-3}
 43407 | Vaults:5 | Identified the +7 quarterstaff of Vigh {holy, rPois rC+}
 43408 | Vaults:5 | Identified the +9 war axe of Conscience {freeze, rC+++
                  | Will- Str-4 SInv}
 43440 | Vaults:5 | Gained mutation: You are frail. (-10% HP) [mutagenic glow]
 43458 | Vaults:5 | Noticed a dread lich
 43481 | Vaults:5 | Got the Collected Works on Molten Ensorcelling
 43513 | Vaults:5 | Identified the +2 robe of the Haunted Grue {Harm rF+
                  | Archmagi}
 43520 | Vaults:5 | Identified the +4 broad axe of Exoneration {vamp, Drain
                  | rPois Stlth+}
 43520 | Vaults:5 | Identified the ring "Vozoudd" {rPois Int+3}
 43969 | Vaults:5 | Got Joaqytiy's Progressing With Theurgy
 44018 | Vaults:5 | Got the Compilation of the Blinking Burn
 44534 | Depths:1 | Entered Level 1 of the Depths
 44546 | Depths:1 | Found an iron altar of Okawaru.
 44557 | Depths:1 | Noticed a caustic shrike
 44557 | Depths:1 | Noticed a caustic shrike
 44557 | Depths:1 | Noticed a caustic shrike
 44557 | Depths:1 | Noticed a caustic shrike
 44558 | Depths:1 | Noticed a caustic shrike
 44567 | Depths:1 | Killed a caustic shrike
 44568 | Depths:1 | Killed a caustic shrike
 44568 | Depths:1 | Killed a caustic shrike
 44569 | Depths:1 | Killed a caustic shrike
 44574 | Depths:1 | Killed a caustic shrike
 44911 | Depths:1 | Found a one-way gateway to a ziggurat.
 44916 | Depths:1 | Reached XP level 21. HP: 201/201 MP: 20/20
 44952 | Zig:1    | Entered Level 1 of a ziggurat
 45058 | Zig:2    | Entered Level 2 of a ziggurat
 45128 | Zig:2    | Reached XP level 22. HP: 176/209 MP: 21/21
 45139 | Zig:3    | Entered Level 3 of a ziggurat
 45164 | Zig:3    | Got the Parchment of Viridian Shapes
 45165 | Zig:3    | Upgraded the game from 0.31-a0-590-g8a5a4361df to
                  | 0.31-a0-596-g831eee08f1
 45199 | Zig:4    | Entered Level 4 of a ziggurat
 45430 | Zig:5    | Entered Level 5 of a ziggurat
 45432 | Zig:5    | Noticed Yjeunuz the pandemonium lord
 45433 | Zig:5    | Found the dreamshard necklace {Acrobat *Dream}
 45448 | Zig:5    | Killed Yjeunuz the pandemonium lord
 45724 | Zig:6    | Entered Level 6 of a ziggurat
 45990 | Zig:6    | Identified the ring "Xeret" {Fly Dex+5}
 45993 | Zig:6    | Got the Atlas of Execration and Rallying
 45997 | Zig:6    | Lost mutation: Armour fits poorly on your strangely shaped
                  | body. [potion of mutation]
 45997 | Zig:6    | Lost mutation: You are frail. (-10% HP) [potion of
                  | mutation]
 45997 | Zig:6    | Gained mutation: You occasionally lose the ability to read
                  | scrolls when taking damage. [potion of mutation]
 45997 | Zig:6    | Gained mutation: Your muscles are strong. (Str +4, Int/Dex
                  | -1) [potion of mutation]
 46042 | Zig:7    | Entered Level 7 of a ziggurat
 46216 | Zig:8    | Entered Level 8 of a ziggurat
 46220 | Zig:8    | Found the necklace of Bloodlust {Fury *Rage Will++ Int-3
                  | Slay+6}
 46222 | Zig:8    | Noticed a dread lich
 46246 | Zig:8    | Killed a dread lich
 46255 | Zig:8    | Identified the +7 flail "Zeyxat" {venom, +Blink rC- rN+}
 46279 | Zig:8    | Identified the ring "Iqoeruer" {rCorr Int+2 Dex+6}
 46323 | Zig:9    | Entered Level 9 of a ziggurat
 46330 | Zig:9    | Noticed a royal mummy
 46331 | Zig:9    | Noticed a royal mummy
 46342 | Zig:9    | Killed a royal mummy
 46342 | Zig:9    | HP: 10/339 [torment (7)]
 46342 | Zig:9    | HP: 1/339 [royal mummy (10)]
 46342 | Zig:9    | Slain by an emperor scorpion

Illustrated notes

Levels and vault maps discovered:
D:1:      dpeg_arrival_erosion, layout_basic,
          hellmonk_ecumenical_altar_crossroads
D:2:      layout_basic, basic_altar, serial_shops, shop, shop, shop,
          minmay_surrounded
D:3:      layout_loops_ring, serial_shops, nicolae_shop_hallway_plus,
          uniq_crazy_yiuf_cottage, uniq_grinder
D:4:      layout_loops_ring, fedhas_altar_2, minmay_temple_entry_sparse_star
D:5:      layout_loops_ring, evilmike_ruin_ashenzari, bloody_trog,
          mainiacjoe_overflow_surrounded_room,
          nicolae_gozag_cash_rules_everything_around_me,
          nicolae_overflow_crystal_walls
D:6:      layout_gridville, uniq_edmund
D:7:      minmay_the_grid_octo_triangle [minmay_the_grid_octo_horde,
          minmay_the_grid_octo_prize_square_snowflake,
          minmay_the_grid_octo_clover_2], layout_loops_cross,
          mainiacjoe_overflow_alcove_2, nicolae_letterblocks
          [nicolae_letter_subblock, nicolae_letter_subblock,
          nicolae_letter_subblock, nicolae_letter_subblock,
          nicolae_letter_subblock, nicolae_letter_subblock,
          nicolae_letter_subblock, nicolae_letter_subblock,
          nicolae_letter_subblock, nicolae_letter_subblock,
          nicolae_letter_subblock, nicolae_letter_subblock,
          nicolae_letter_subblock, nicolae_letter_subblock,
          nicolae_letter_subblock, nicolae_letter_subblock,
          nicolae_letter_subblock, nicolae_letter_subblock,
          nicolae_letter_subblock, nicolae_letter_subblock,
          nicolae_letter_subblock, nicolae_letter_subblock,
          nicolae_letter_subblock, nicolae_letter_subblock,
          nicolae_letter_subblock]
D:8:      layout_layer_cave, kennysheep_mini, nicolae_ossuary_entry_ruins,
          hangedman_abyss_or_decor_slice
D:9:      layout_irregular_city, mainiacjoe_overflow_tiny_flanked,
          david_lair_shrubbed, minmay_misc_feat_x
D:10:     layout_loops_corners, nicolae_yredelemnul_corpse_copse,
          minmay_orc_entry_guard_dogs
D:11:     layout_cave_pools, gauntlet_entry_generic
D:12:     layout_loops_corners, uniq_fannar
D:13:     layout_irregular_city, uniq_kirke
D:14:     layout_basic, david_vaults_4, uniq_lodul
D:15:     grunt_enter_depths_magical_seal, layout_cross, minmay_crystal_room,
          uniq_roxanne
Lair:1:   layout_chaotic_city, uniq_urug
Lair:2:   layout_gridlike, hangedman_lair_generics_rect, grunt_megastairs_1
Lair:3:   lemuel_ratsnest, layout_cave_pods, shoals_dummy_entry,
          nicolae_spider_entry_orb_guardian, portal_ice_cave_rime,
          uniq_gastronok
Lair:4:   layout_cave_pods, minmay_slime_entry_oklob_enclosed, minivault_11,
          serial_bayou_shore_b, uniq_rupert
Lair:5:   hangedman_lair_tendril_chambers, layout_regular_city,
          minmay_stone_trees_small, grunt_forest_small_clearings
Shoals:1: layout_shoals, nicolae_shoals_aquamancer_cove, uniq_josephine
Shoals:2: layout_shoals, lemuel_altar_in_water2
Shoals:3: layout_shoals, uniq_mara
Shoals:4: shoals_end_simple, layout_shoals, nicolae_shoals_seven_spires,
          nicolae_shoals_beach_cooler
Spider:1: gammafunk_sealed_arena
Spider:2: layout_spider_delve
Spider:3: layout_spider_delve, uniq_azrael
Spider:4: spider_rune_water, hangedman_spider_tarantella_strand
Orc:1:    layout_caves, serial_shops, shop, nicolae_orc_sculptors_studio
Orc:2:    pf_orc_diabolical, layout_diamond_mine, serial_shops,
          nicolae_shop_window_shopping
Vaults:1: nicolae_vaults_six-pack, st_more_cells, v_misc_30,
          nicolae_vaults_closet_pinwheel_4, nicolae_vaults_turnstiles,
          ontoclasm_vaults_ligature, nicolae_vaults_house_3, v_misc_29,
          nicolae_vaults_closet_pinwheel_1, layout_vaults_omnigrid, uniq_aizul,
          uniq_nikola
Vaults:2: nicolae_vaults_angled_halls, nicolae_vaults_doubleplus_tesselated,
          minmay_crypt_entry_vampire_xt, nicolae_vaults_closet_pinwheel_6,
          hangedman_vaults_hat, v_misc_5, nicolae_vaults_storing_the_good_stuff,
          nicolae_vaults_cochlea, nicolae_vaults_weapon_check,
          nicolae_vaults_storage_closets_2, nicolae_vaults_trapezoid_2,
          layout_vaults_omnicross, serial_shops, nicolae_shop_behind_doors
Vaults:3: nicolae_vaults_puzzle_piece, nicolae_vaults_rhombus_6,
          vaults_mumra_lcd, nicolae_vaults_hexular_roomagon,
          nicolae_vaults_cochlea, ontoclasm_vaults_ring_large,
          nicolae_vaults_stepped_doors, nicolae_vaults_asterisk,
          nicolae_vaults_wine_cellar, hangedman_vaults_stagger,
          nicolae_vaults_an_arrangement, vaults_room_semicircle,
          nicolae_vaults_closet_pinwheel_3, serial_ice_b, layout_vaults_ring,
          serial_shops, nicolae_diamond_shop, nicolae_shop_mannequins,
          nicolae_book_shop_shelving
Vaults:4: nicolae_vaults_hexular_roomagon, nicolae_vaults_stairing_the_circle,
          dpeg_vaults_waves, nicolae_vaults_trapezoid_lopsided_3,
          hangedman_vaults_stitches, nicolae_vaults_mini_display_case,
          nicolae_vaults_double_plus_2, vaults_room_pool, vaults_mumra_hex,
          vaults_mumra_hexcomb, v_misc_24, layout_vaults_maze_snakey,
          serial_shops, shop
Vaults:5: serial_shops
Depths:1: layout_basic, enter_ziggurat_a, lightli_too_deep, okawaru_gym_becter,
          serial_shops, nicolae_shop_rolling_square, lemuel_flame_loot_1
Zig:9

Skill      XL: |  1  2  3  4  5  6  7  8  9 10 11 12 13 14 15 16 17 18 19 20 21 22 |
---------------+-------------------------------------------------------------------+-----
Shields        | 4 5 6 11 14 16 17 | 17.5
Axes           | 3 4 6 7 8 10 13 16 18 19 20 21 22 | 22.4
Fighting       | 6 10 13 16 19 20 21 23 25 26 27 | 27.0
Throwing       | 3 5 7 9 10 | 10.0
Armour         | 5 8 10 12 14 17 18 19 21 23 24 | 24.0
Evocations     | 3 6 8 9 10 | 10.0

Action                     |  1- 3 |  4- 6 |  7- 9 | 10-12 | 13-15 | 16-18 | 19-21 | 22-24 || total
---------------------------+-------+-------+-------+-------+-------+-------+-------+-------++-------
  Melee: War axe           |    44 |   127 |   293 |   313 |       |       |       |       ||   777
         Headbutt          |     3 |    18 |    47 |    97 |   146 |   202 |   151 |    23 ||   687
         Broad axe         |       |       |       |   131 |   599 |   837 |   521 |    83 ||  2171
  Throw: Javelin           |       |       |       |       |       |    15 |       |     3 ||    18
         Dart              |       |       |       |       |       |     2 |       |       ||     2
 Invoke: Potion Petition   |       |       |       |     1 |     2 |     1 |     7 |     4 ||    15
         Bribe Branch      |       |       |       |       |       |       |     2 |       ||     2
  Evoke: Wand              |       |       |       |     1 |       |    19 |     1 |       ||    21
    Use: Potion            |       |     1 |     2 |     2 |     5 |     2 |     4 |     3 ||    19
         Scroll            |       |       |    18 |     6 |    10 |     6 |     1 |     1 ||    42
   Stab: Distracted        |       |     1 |       |     3 |    12 |     8 |     7 |     5 ||    36
         Held in net/web   |       |       |       |       |       |     1 |       |       ||     1
         Invisible         |       |       |       |       |       |       |       |     2 ||     2
 Armour: Scale mail        |    32 |    57 |    53 |       |       |       |       |       ||   142
         Chain mail        |       |       |    48 |       |       |       |       |       ||    48
         Plate armour      |       |       |    35 |   245 |   288 |   409 |   208 |    62 ||  1247
         Skin              |       |       |       |       |       |       |       |    10 ||    10
  Dodge: Dodged            |    38 |    59 |    80 |   100 |   168 |   192 |   101 |    36 ||   774
  Block: Buckler           |    20 |    61 |   119 |   194 |   273 |   225 |       |       ||   892
         Reflection        |       |       |     3 |    11 |     1 |    45 |    30 |     1 ||    91
         Kite shield       |       |       |       |       |       |   145 |   359 |    71 ||   575

Table legend: (Time is in decaauts)
 A = Elapsed time spent in this place.
 B = Non-inter-level travel time spent in this place.
 C = Inter-level travel time spent in this place.
 D = Time resting spent in this place.
 E = Time spent auto-exploring this place.
 F = Levels seen in this place.
 G = Mean time per level.
                   A        B        C        D        E       F      G
               +--------+--------+--------+--------+--------+-----+--------+
         Total |  45756 |  43687 |   2069 |   1479 |  30681 |  47 |  973.5 |
       Dungeon |  14150 |  13138 |   1012 |    117 |   9126 |  15 |  943.3 |
          Lair |   6822 |   6419 |    403 |     10 |   4911 |   5 | 1364.4 |
        Shoals |   5295 |   5139 |    156 |     50 |   4044 |   4 | 1323.8 |
   Spider Nest |   5586 |   5440 |    146 |    301 |   3903 |   4 | 1396.5 |
  Orcish Mines |   1961 |   1866 |     95 |      0 |   1496 |   2 |  980.5 |
        Vaults |   9359 |   9104 |    255 |    430 |   6580 |   5 | 1871.8 |
        Depths |    416 |    416 |      0 |      0 |    267 |   1 |  416.0 |
      Ziggurat |   1389 |   1389 |      0 |    539 |    339 |   9 |  154.3 |
       Ossuary |    332 |    332 |      0 |      0 |      0 |   1 |  332.0 |
      Gauntlet |    442 |    442 |      0 |     32 |     13 |   1 |  442.0 |
               +--------+--------+--------+--------+--------+-----+--------+

Top non-repeatable levels by time:
Vaults:4: 2274 daAuts
Spider:4: 2168 daAuts
Shoals:4: 2083 daAuts
Vaults:1: 1970 daAuts
  Lair:3: 1931 daAuts
Vaults:2: 1902 daAuts
  Lair:5: 1668 daAuts
Vaults:5: 1642 daAuts
Vaults:3: 1569 daAuts
Spider:3: 1563 daAuts
   Orc:2: 1379 daAuts
     D:8: 1319 daAuts
    D:10: 1306 daAuts
     D:9: 1306 daAuts
  Lair:4: 1268 daAuts
